Unix NetHack Version 5.0.0-0 post-release - last build Jun 10 2026 00:39:30 (3ee93aec679c4c4259841fe613dc97188e26a321,branch:main).

Game began 2026-06-15 02:12:28, ended 2026-06-15 21:30:06.

IanCurtis, chaotic male elven Wizard

 ----                            -------       -----
--..| ---                     ----.--..|--------.|.----
|...---.----                 --........--.|.|.|.......|
 -.......|.---               |.......|...).......[....|
 |...........|               ---...-----..)......f...--
 --.|........--          -------...|   --.........)..|
  ----........------- |---..)......|    ---......^...--
     |..........|-.)..||..)---------      --..........|
 ------.....^...|..-----.---               ----@C.....|
 |...............*...)...|                 ------...---
 |.^.-..........)---------                 -......---
 |-.......---.....--                    .....------
 |........| --...|.--                   -...--
 --.......|  |..-|..|--                .....
  |.>.--.--  ------.|.---             -----.
  --------        --....|                 |
                   --...--
                    |....|
                    ------

IanCurtis the Thaumaturge  St:12 Dx:15 Co:16 In:20 Wi:13 Ch:8  Chaotic
Dlvl:3  $:282 HP:0(57) Pw:87(90) AC:8  Xp:8 T:5746  Stressed

Latest messages:
 Your kitten eats a giant rat corpse.
 You miss the giant rat.
 The giant rat bites!
 The giant rat bites!
 You kill the giant rat!
 The kitten picks up a sky blue potion.
 You climb up the stairs.
 The kitten drops a sky blue potion.
 You see here a sky blue potion.
 You have trouble lifting a sky blue potion.  Continue? [ynq] (q) y
 You have trouble lifting q - a sky blue potion (2 in total).
 You rebalance your load.  Movement is difficult.
 The kitten bites the grid bug.
 The grid bug is killed!
 The kitten bites the grid bug.
 The grid bug is killed!
 You are enveloped in a cloud of gas!
 The kitten picks up a dagger.
 There are several objects here.
 The kitten drops a dagger.
 There are several objects here.
 You see here a dagger.
 You swap places with your kitten.
 The kitten picks up a dagger.
 The kitten drops a dagger.
 The kitten drops a dagger.
 The kitten picks up a dagger.
 The kitten drops a dagger.
 The kitten drops a dagger.
 The plains centaur hurls a sky blue potion!
 The bottle crashes on your head and breaks into shards.
 The sky blue potion evaporates.
 It suddenly gets dark.
 The plains centaur hits!
 The plains centaur kicks!
 You can see again.
 Your load is too heavy to climb the stairs.
 The plains centaur thrusts his elven dagger.
 The plains centaur hits!
 The plains centaur kicks!
 The plains centaur thrusts his elven dagger.
 The plains centaur hits!
 The plains centaur kicks!
 The plains centaur thrusts his elven dagger.
 The plains centaur hits!
 The plains centaur kicks!
 The plains centaur thrusts his elven dagger.
 The plains centaur hits!
 You die...
 Do you want your possessions identified? [ynq] (y) q

Inventory:
 Coins    ('$')
  $ - 282 gold pieces
 Amulets  ('"')
  J - a cursed amulet of strangulation
 Weapons  (')')
  a - a blessed +1 quarterstaff (weapon in hands)
 Armor    ('[')
  w - an uncursed +0 orcish helm (being worn)
  B - a blessed +0 cloak of magic resistance (being worn)
  g - a cursed +0 Hawaiian shirt with a bird of paradise motif
 Comestibles  ('%')
  A - an uncursed lembas wafer
  z - 2 uncursed tripe rations
 Scrolls  ('?')
  F - an uncursed scroll of fire
  U - a cursed scroll of food detection
  f - an uncursed scroll of taming
  h - a cursed scroll of taming
  y - 3 uncursed scrolls of teleportation
 Spellbooks  ('+')
  j - a cursed spellbook of cause fear
  l - a cursed spellbook of force bolt
  i - a cursed spellbook of haste self
 Potions  ('!')
  q - 2 uncursed potions of blindness
  m - a cursed potion of enlightenment
 Rings    ('=')
  L - an uncursed ring of cold resistance
  e - an uncursed ring of fire resistance
  r - a cursed ring of invisibility
  v - an uncursed ring of levitation
  s - a cursed ring of regeneration
  I - a cursed ring of see invisible named cursed
  T - an uncursed ring of stealth
 Wands    ('/')
  S - a wand of digging (0:5)
  c - a wand of secret door detection (0:12)
  R - a wand of sleep (0:5)
  Q - a cursed wand of striking (0:3)
 Tools    ('(')
  b - an uncursed sack containing 16 items
  p - an uncursed wooden harp
  o - an uncursed blindfold
  x - an uncursed blindfold
  P - an uncursed brass lantern
  k - an uncursed lock pick
  n - a magic marker (0:20)
  t - a magic marker (0:19)
  V - an uncursed oil lamp
  d - a +0 pick-axe
  O - an uncursed tallow candle
  H - a tinning kit (0:37)
 Gems/Stones  ('*')
  X - an uncursed ruby
  W - an uncursed worthless piece of red glass
  Y - an uncursed luckstone named luck

Contents of the sack:
  an uncursed scroll of enchant weapon
  an uncursed scroll of amnesia
  a blessed scroll of identify
  4 uncursed scrolls of identify
  2 cursed scrolls of light
  an uncursed scroll of blank paper
  an uncursed scroll of remove curse
  an uncursed spellbook of detect food
  a blessed spellbook of force bolt
  an uncursed spellbook of force bolt
  2 uncursed potions of water
  an uncursed potion of polymorph
  an uncursed potion of levitation
  an uncursed potion of gain ability
  3 uncursed potions of healing
  an uncursed potion of speed

IanCurtis the Wizard's attributes:

Background:
 You were a Thaumaturge, a level 8 male elven Wizard.
 You were chaotic, on a mission for Anhur
 who was opposed by Ptah (lawful) and Thoth (neutral).
 You were right-handed.
 You were in the Gnomish Mines, on level 3.
 You entered the dungeon 5746 turns ago.
 There was a new moon in effect when your adventure ended.
 You had 1727 experience points, 833 more were needed to attain level 9.

Basics:
 You had 0 out of 57 hit points.
 You had 87 out of 90 energy points (spell power).
 Your armor class was 8.
 Your wallet contained 282 zorkmids.
 Autopickup was off.

Final Characteristics:
 Your strength was 12 (limit:18).
 Your dexterity was 15 (limit:18).
 Your constitution was 16 (limit:16).
 Your intelligence was 20 (limit:20).
 Your wisdom was 13 (limit:20).
 Your charisma was 8 (limit:18).

Final Status:
 You weren't hungry.
 You were stressed; movement was moderately slowed.
 You were wielding a quarterstaff.
 You were skilled in quarterstaff and could have enhanced that.

Final Attributes:
 You were piously aligned.
 You were magic-protected.
 You were sleep resistant.
 You were telepathic.
 You had infravision.
 You were warded.
 You were lucky.
 You had extra luck.
 Bad luck did not time out for you.
 Good luck did not time out for you.
 You are dead.

Miscellaneous:
 You encountered 1 bones level.
 Total elapsed playing time was 39 minutes and 44 seconds.

Major events:
 Turn
    1: IanCurtis the chaotic male elven Wizard entered the dungeon
  527: entered the Gnomish Mines
  730: attained the rank of Conjurer (level 3)
 1435: reached Mine Town
 2273: attained the rank of Thaumaturge (level 6)
 4671: acquired the Mines' End luckstone
 5746: killed by a plains centaur

Spells:
 Name                 Level Category     Fail Retention
 force bolt             1   attack         0%   71%-75%
 detect food            2   divination    34%   51%-75%

Skills:
 Fighting Skills
   bare handed combat [Unskilled]
   riding             [Unskilled]
 Weapon Skills
   dagger             [Unskilled]
   knife              [Unskilled]
   axe                [Unskilled]
   short sword        [Unskilled]
   club               [Unskilled]
   mace               [Unskilled]
   quarterstaff       [Skilled]
   polearms           [Unskilled]
   spear              [Unskilled]
   trident            [Unskilled]
   sling              [Unskilled]
   dart               [Unskilled]
   shuriken           [Unskilled]
 Spellcasting Skills
   attack spells      [Skilled]
   healing spells     [Unskilled]
   divination spells  [Unskilled]
   enchantment spells [Basic]
   clerical spells    [Unskilled]
   escape spells      [Unskilled]
   matter spells      [Unskilled]

Voluntary challenges:
 Character rerolling was not enabled.
 You never genocided any monsters.
 You never polymorphed an object.
 You never changed form.
 You used no wishes.
Achievements:
 You entered the Gnomish Mines.
 You attained the rank of Conjurer.
 You entered Minetown.
 You entered a temple.
 You entered a shop.
 You attained the rank of Thaumaturge.
 You completed the Gnomish Mines.

 The Dungeons of Doom: levels 1 to 2
    Level 1:
       A sink.
    Level 2:
       Stairs down to The Gnomish Mines.
 The Gnomish Mines: levels 3 to 11
    Level 3: <- You were here.
       Final resting place for
          you, killed by a plains centaur.
    Level 4:
       A grave.
       Final resting place for
          michelmartinet-Wiz-Hum-Mal-Neu, killed by a dwarf.
    Level 5:
       Some shops, a temple and an altar, some fountains.
    Level 6:
    Level 7:
    Level 8:
    Level 9:
    Level 10:
    Level 11:


Vanquished creatures:
  a ghost
  a small mimic
  a sasquatch
  2 quivering blobs
  a winter wolf cub
  a giant spider
  a gnome ruler
  a dwarf mummy
  a dingo
  2 blue jellies
  a human zombie
  a rock piercer
  4 yellow lights
  a shrieker
  a violet fungus
 11 gnome leaders
  4 gnomish wizards
 an elf zombie
  a giant ant
  2 floating eyes
  2 kittens
 19 dwarves
  6 hill orcs
  a rothe
  a rabid rat
  a giant bat
  a Kop Sergeant
  2 dwarf zombies
  3 iguanas
  3 hobbits
  4 manes
  a large kobold
  a hobgoblin
  2 giant rats
  5 cave spiders
 56 gnomes
  6 geckos
  4 jackals
  2 goblins
 14 grid bugs
  a bat
  4 lichens
  a kobold zombie
  7 newts
186 creatures vanquished.

No species were genocided or became extinct.

Game over:
                       ----------
                      /          \
                     /    REST    \
                    /      IN      \
                   /     PEACE      \
                  /                  \
                  |    IanCurtis     |
                  |      282 Au      |
                  |   killed by a    |
                  |  plains centaur  |
                  |                  |
                  |                  |
                  |       2026       |
                 *|     *  *  *      | *
        _________)/\\_//(\/(/\)/\//\/|_)_______

Goodbye IanCurtis the Wizard...

You died in The Gnomish Mines on dungeon level 3 with 7672 points,
and 282 pieces of gold, after 5746 moves.
You were level 8 with a maximum of 57 hit points when you died.

